 Dungeon Crawl Stone Soup version 0.26.1-2-gb8aa6d0cf2 (webtiles) character file.

Game seed: 13417893952274096487

521 Gnirx the Digger (level 7, -2/36 HPs)
             Began as a Gargoyle Earth Elementalist on Mar 7, 2021.
             Slain by Menkaure (12 damage)
             ... on level 5 of the Dungeon.
             The game lasted 00:09:54 (7378 turns).

Gnirx the Digger (Gargoyle Earth Elementalist)      Turns: 7378, Time: 00:09:56

Health: -2/36      AC:  8    Str: 12    XL:     7   Next: 21%
Magic:  20/23      EV: 12    Int: 17    God:
Gold:   120        SH:  0    Dex: 10    Spells: 15/16 levels left

rFire    . . .     SeeInvis .   o - +1 mace
rCold    . . .     Faith    .   (no shield)
rNeg     + . .     Spirit   .   c - +1 robe
rPois    ∞         Reflect  .   (no helmet)
rElec    +         Harm     .   h - +0 cloak
rCorr    .         Rampage  .   (no gloves)
Will     .....                  (no boots)
Stlth    ++........             (no amulet)
HPRegen  0.12/turn              d - ring of magical power
MPRegen  0.18/turn              (no ring)

@: no status effects
A: negative energy resistance 1, electricity resistance, unbreathing,
petrification resistance, miasma immunity, AC +4
a: no special abilities


You were on level 5 of the Dungeon.
You visited 1 branch of the dungeon, and saw 5 of its levels.

You collected 160 gold pieces.
You spent 40 gold pieces at shops.

Inventory:

Hand Weapons
 f - a +0 dagger
 i - a +0 whip
 o - a +1 mace (weapon)
Missiles
 b - 86 stones
 k - 77 arrows
Armour
 c - a +1 robe (worn)
 h - a +0 cloak (worn)
Jewellery
 d - a ring of magical power (left hand)
 l - a cursed amulet of inaccuracy
 v - an uncursed amulet of regeneration {unknown}
Scrolls
 a - 2 scrolls of enchant weapon
 e - 2 scrolls of magic mapping
 m - 3 scrolls of blinking
 p - 2 scrolls of amnesia
 q - a scroll of enchant armour
 r - a scroll of teleportation
 t - 2 scrolls of identify
 u - a scroll of immolation {unknown}
Potions
 g - 2 potions of lignification
 j - a potion of haste
 n - a potion of curing
 s - a potion of degeneration {unknown}
 w - a potion of brilliance {unknown}


   Skills:
 - Level 1.5 Dodging
 - Level 2.1 Stealth
 + Level 5.1 Spellcasting
 - Level 0.7 Transmutations
 + Level 7.3 Earth Magic


You had 15 spell levels left.
You knew the following spells:

 Your Spells              Type           Power        Failure   Level
a - Sandblast             Erth           58%          1%          1

Your spell library contained the following spells:

 Spells                   Type           Power        Failure   Level
 Passwall                 Tmut/Erth      15%          4%          2
 Stone Arrow              Conj/Erth      32%          10%         3
 Lee's Rapid Deconstruct  Erth           14%          19%         5
 Petrify                  Tmut/Erth      18%          26%         4


Dungeon Overview and Level Annotations

Branches:
Dungeon (5/15)
 Temple: D:4-7

Altars:
Cheibriados
Elyvilon
Trog
Xom
Yredelemnul

Shops:
D:4 =*?(

Annotations:
D:5 Menkaure


Innate Abilities, Weirdness & Mutations

You are resistant to torment.
Your stone body is resilient. (AC +4)
You are immune to poison.
You resist negative energy. (rN+)
You are resistant to electric shocks. (rElec)
You can survive without breathing.
You are immune to petrification.
You are immune to miasma.


Message History

The white imp hits you but does no damage.
Aiming: Sandblast (safe; 1% risk of failure)
Press: ? - help, Q - select action, (/) - cycle Shift-Dir - straight line, f/p - white imp
Aim: a white imp (severely wounded, 19% to evade)
The blast of sand hits the white imp!
You kill the white imp!
Menkaure hits you but does no damage.
Aiming: Sandblast (safe; 1% risk of failure)
Press: ? - help, Q - select action, (/) - cycle Shift-Dir - straight line, f - Menkaure
Aim: Menkaure (fast, 9% to evade)
The blast of sand hits Menkaure.
Menkaure is lightly damaged.
Menkaure misses you.
Aiming: Sandblast (safe; 1% risk of failure)
Press: ? - help, Q - select action, (/) - cycle Shift-Dir - straight line, f/p - Menkaure
Aim: Menkaure (lightly damaged, fast, 9% to evade)
The blast of sand hits Menkaure!
Menkaure is severely damaged.
Menkaure hits you!
You die...

#.........# #...
.........$#...#####
..................?
.#.......######...
##.....#####...##########
##..............##.....##
......##...#........[.....#
..........M................
##...###.)@................
#.## #................<..
... #................... #.
#.............<.....
#...##................ #.##
##.............<# ...
.....>...##.....## ...
##.############## .# #.


You could see Menkaure (fast).

Vanquished Creatures
  A sky beast (D:2)
  2 ogres
  A howler monkey (D:4)
  An iguana (D:4)
  2 worker ants (D:4)
  3 adders
  A white imp (D:5)
  An ufetubus (D:2)
  2 oozes
  An adder zombie (D:5)
  4 worms
  A dart slug (D:1)
  3 leopard geckos
  7 orcs
  2 ball pythons
  9 giant cockroaches
  10 goblins
  8 hobgoblins
  3 jackals (D:1)
  A quokka (D:2)
  5 bats
  2 frilled lizards
  A jackal skeleton (D:4)
  9 kobolds
  2 quokka skeletons (D:4)
  10 rats
92 creatures vanquished.

Notes
Turn   | Place    | Note
-------+----------+-------------------------------------------
     0 | D:1      | Gnirx the Gargoyle Earth Elementalist began the quest for
                  | the Orb.
     0 | D:1      | Reached XP level 1. HP: 10/10 MP: 3/3
   426 | D:1      | Reached XP level 2. HP: 14/15 MP: 5/5
   444 | D:1      | Reached skill level 4 in Earth Magic
  1297 | D:1      | Reached XP level 3. HP: 10/19 MP: 6/6
  2852 | D:2      | Reached XP level 4. HP: 10/24 MP: 8/8
  3257 | D:2      | Reached skill level 5 in Earth Magic
  3689 | D:2      | Noticed a sky beast
  3711 | D:2      | Killed a sky beast
  3712 | D:2      | Reached XP level 5. HP: 7/28 MP: 10/10
  4305 | D:2      | Found a bloodstained altar of Trog.
  4311 | D:2      | Found a white marble altar of Elyvilon.
  4316 | D:2      | Found a basalt altar of Yredelemnul.
  4869 | D:3      | Found a shimmering altar of Xom.
  5058 | D:3      | Reached skill level 6 in Earth Magic
  5735 | D:4      | Reached XP level 6. HP: 9/32 MP: 12/12
  6227 | D:4      | Found a snail-covered altar of Cheibriados.
  6668 | D:4      | Found Lesag's Magic Scroll Emporium.
  6668 | D:4      | Found Qotufuigav's Antique Weapon Emporium.
  6670 | D:4      | Found Ynlupith's Jewellery Emporium.
  6670 | D:4      | Found Cejest's Assorted Antiques.
  6676 | D:4      | Bought a scroll of identify for 20 gold pieces
  6676 | D:4      | Bought a scroll of identify for 20 gold pieces
  7104 | D:5      | Entered Level 5 of the Dungeon
  7125 | D:5      | Reached skill level 5 in Spellcasting
  7125 | D:5      | Reached skill level 7 in Earth Magic
  7125 | D:5      | Reached XP level 7. HP: 12/36 MP: 14/14
  7361 | D:5      | Noticed Menkaure
  7378 | D:5      | Slain by Menkaure

Illustrated notes

Levels and vault maps discovered:
D:1:      wander_arrival_lonely_grave, layout_loops_ring, serial_forest,
          infiniplex_forest_lined_2, infiniplex_forest_corner_1,
          infiniplex_forest_clump_long, infiniplex_forest_clump_small,
          infiniplex_forest_end_1, infiniplex_forest_corner_1,
          infiniplex_forest_clump_diagonal
D:2:      minmay_chambers_of_ones, layout_loops_corners,
          minmay_overflow_temple_star_quad
D:3:      layout_basic, nicolae_overflow_hidden_temple, minmay_crystal_room,
          xom_teletrap_fun
D:4:      layout_cave_pools, lemuel_crystal_altar, minmay_shop_grid_forest
D:5:      layout_rooms, nicolae_overflow_crystal_walls,
          nicolae_ossuary_entry_false_entrances, serial_bayou_crossing,
          uniq_edmund, uniq_menkaure, uniq_eustachio

Skill      XL: |  1  2  3  4  5  6 |
---------------+-------------------+-----
Earth Magic    | 4 5 6 7 |  7.3
Spellcasting   | 3 4 5 |  5.1
Dodging        | |  1.5
Stealth        | |  2.1
Transmutations | |  0.7

Action                   |  1- 3 |  4- 6 |  7- 9 || total
-------------------------+-------+-------+-------++-------
Melee: Unarmed           |   127 |       |       ||   127
       Whip              |    67 |   112 |       ||   179
       Dagger            |    29 |       |       ||    29
       Mace              |       |   144 |     9 ||   153
 Cast: Sandblast         |     8 |    17 |     5 ||    30
  Use: Scroll            |     3 |    10 |       ||    13
 Stab: Sleeping          |     3 |     5 |       ||     8
       Distracted        |     1 |     1 |       ||     2
Armor: Robe              |    75 |   124 |     7 ||   206
Dodge: Dodged            |   151 |   219 |    10 ||   380
